| TOP OF THE 1ST |
|
Las Vegas 51s batting - Pitching for New Orleans Zephyrs : RHP Nick Newmaster
|
|
Pitching: RHP Nick Newmaster
|
|
|
Batting: LHB Adam Hairston
|
0-0: Ball 1-0: Called Strike 1-1: Ball 2-1: Called Strike 2-2: Ball 3-2: Base on Balls
|
|
Batting: LHB Jose Chavez
|
0-0: Ball Adam Hairston steals 2nd base 1-0: Foul Ball, location: 2F 1-1: SINGLE (Flyball, 8LS, EV 90.6 MPH) Adam Hairston to third Runner from 3rd tries for Home, SAFE, throw by CF to home
|
|
Batting: RHB Billy Walker
|
0-0: Called Strike Jose Chavez steals 2nd base 0-1: Ball 1-1: Ball 2-1: Ball 3-1: Foul Ball, location: 2F 3-2: Reached on error, E6 (Groundball, 6, EV 83.8 MPH) Jose Chavez scores
|
|
Batting: RHB Masaya Nakamura
|
0-0: Ball 1-0: Foul Ball, location: 2F 1-1: Ball 2-1: Foul Ball, location: 2F 2-2: Ball 3-2: Ground out 6-3 (Groundball, 6M, EV 106.9 MPH) Billy Walker to third
|
|
Batting: RHB Mike Phillips
|
0-0: Called Strike 0-1: Foul Ball, location: 2F 0-2: Ball 1-2: Ball 2-2: Strikes out swinging
|
|
Batting: RHB Bobby Mabrey
|
0-0: Ball 1-0: Ball 2-0: Ball 3-0: Called Strike 3-1: Foul Ball, location: 2F 3-2: Strikes out looking
|
| Top of the 1st over - 2 runs, 1 hit, 1 error, 1 left on base; Las Vegas 2 - New Orleans 0 |
| BOTTOM OF THE 1ST |
|
New Orleans Zephyrs batting - Pitching for Las Vegas 51s : RHP David Anzaldua
|
|
Pitching: RHP David Anzaldua
|
|
|
Batting: RHB Boof Howell
|
0-0: Ball 1-0: Ball 2-0: Foul Ball, location: 2F 2-1: SINGLE (Line Drive, 7S, EV 98.1 MPH)
|
|
Batting: RHB Josh Crenwelge
|
0-0: Ball 1-0: Foul Ball, location: 2F 1-1: Grounds into double play, 1-4-3 (Groundball, P, EV 68.1 MPH)
|
|
Batting: LHB Mike Kara
|
0-0: Called Strike 0-1: Ball 1-1: Ground out 1-3 (Groundball, 13S, EV 73.1 MPH)
|
| Bottom of the 1st over - 0 runs, 1 hit, 0 errors, 0 left on base; Las Vegas 2 - New Orleans 0 |
| TOP OF THE 2ND |
|
Las Vegas 51s batting - Pitching for New Orleans Zephyrs : RHP Nick Newmaster
|
|
Batting: RHB Larry Shoop
|
0-0: Foul Ball, location: 2F 0-1: Foul Ball, location: 2F 0-2: Strikes out swinging
|
|
Batting: RHB Gang-sheng Chew
|
0-0: Foul Ball, location: 2F 0-1: Ball 1-1: Called Strike 1-2: Strikes out looking
|
|
Batting: LHB Elmo Dreier
|
0-0: Ball 1-0: Swinging Strike 1-1: Ball 2-1: Swinging Strike 2-2: Strikes out swinging
|
| Top of the 2nd over - 0 runs, 0 hits, 0 errors, 0 left on base; Las Vegas 2 - New Orleans 0 |
| BOTTOM OF THE 2ND |
|
New Orleans Zephyrs batting - Pitching for Las Vegas 51s : RHP David Anzaldua
|
|
Batting: RHB Dale Young
|
0-0: Ground out 5-3 (Groundball, 56, EV 88.8 MPH)
|
|
Batting: LHB Carlos Mosqueda
|
0-0: Foul Ball, location: 2F 0-1: Foul Ball, location: 2F 0-2: Foul Ball, location: 2F 0-2: Foul Ball, location: 2F 0-2: Ball 1-2: Strikes out looking
|
|
Batting: SHB Dan Zink
|
0-0: Ball 1-0: Ball 2-0: Swinging Strike 2-1: Fly out, F7 (Flyball, 7LM, EV 98.8 MPH)
|
| Bottom of the 2nd over - 0 runs, 0 hits, 0 errors, 0 left on base; Las Vegas 2 - New Orleans 0 |
| TOP OF THE 3RD |
|
Las Vegas 51s batting - Pitching for New Orleans Zephyrs : RHP Nick Newmaster
|
|
Batting: LHB Adam Hairston
|
0-0: Ball 1-0: Ball 2-0: Ball 3-0: Base on Balls
|
|
Batting: LHB Jose Chavez
|
0-0: Ball 1-0: Called Strike 1-1: Swinging Strike 1-2: Ball 2-2: Ball 3-2: Base on Balls Adam Hairston to second
|
|
Batting: RHB Billy Walker
|
0-0: Ball 1-0: Called Strike Adam Hairston is caught stealing 3rd base 2-5 Jose Chavez to second 1-1: Called Strike 1-2: Ball 2-2: Strikes out looking
|
|
Batting: RHB Masaya Nakamura
|
0-0: Ball 1-0: Ball 2-0: SINGLE (Groundball, 6MD, EV 113.1 MPH) Jose Chavez to third Runner from 3rd tries for Home, SAFE, throw by CF to home
|
|
Batting: RHB Mike Phillips
|
0-0: Ball 1-0: Ball 2-0: Ground out 4-3 (Groundball, 4, EV 101.9 MPH)
|
| Top of the 3rd over - 1 run, 1 hit, 0 errors, 1 left on base; Las Vegas 3 - New Orleans 0 |
| BOTTOM OF THE 3RD |
|
New Orleans Zephyrs batting - Pitching for Las Vegas 51s : RHP David Anzaldua
|
|
Batting: RHB Torquato Obawole
|
0-0: Ball 1-0: Ball 2-0: Ball 3-0: Called Strike 3-1: Foul Ball, location: 2F 3-2: Ground out 5-3 (Groundball, 56, EV 81.9 MPH)
|
|
Batting: RHB Gavin Helton
|
0-0: Called Strike 0-1: Swinging Strike 0-2: Strikes out swinging
|
|
Batting: RHB John Jackson
|
0-0: SINGLE (Groundball, 6MD, EV 99.4 MPH)
|
|
Batting: RHB Boof Howell
|
0-0: Called Strike John Jackson steals 2nd base 0-1: Foul Ball, location: 2F 0-2: Reached on error, E4 (Groundball, 4, EV 86.2 MPH) John Jackson to third
|
|
Batting: RHB Josh Crenwelge
|
0-0: Swinging Strike 0-1: Ball 1-1: Foul Ball, location: 2F 1-2: Ball 2-2: Fly out, F8 (Flyball, 89M, EV 85.6 MPH)
|
| Bottom of the 3rd over - 0 runs, 1 hit, 1 error, 2 left on base; Las Vegas 3 - New Orleans 0 |
| TOP OF THE 4TH |
|
Las Vegas 51s batting - Pitching for New Orleans Zephyrs : RHP Nick Newmaster
|
|
Batting: RHB Bobby Mabrey
|
0-0: Foul Ball, location: 2F 0-1: Swinging Strike 0-2: Foul Ball, location: 2F 0-2: Strikes out swinging
|
|
Batting: RHB Larry Shoop
|
0-0: Swinging Strike 0-1: Called Strike 0-2: Strikes out swinging
|
|
Batting: RHB Gang-sheng Chew
|
0-0: Called Strike 0-1: Called Strike 0-2: Ball 1-2: Foul Ball, location: 2F 1-2: Strikes out swinging
|
| Top of the 4th over - 0 runs, 0 hits, 0 errors, 0 left on base; Las Vegas 3 - New Orleans 0 |
| BOTTOM OF THE 4TH |
|
New Orleans Zephyrs batting - Pitching for Las Vegas 51s : RHP David Anzaldua
|
|
Batting: LHB Mike Kara
|
0-0: Ball 1-0: Ground out 6-3 (Groundball, 6M, EV 83.1 MPH)
|
|
Batting: RHB Dale Young
|
0-0: Ball 1-0: SINGLE (Groundball, 6MD, EV 101.2 MPH)
|
|
Batting: LHB Carlos Mosqueda
|
0-0: Ball 1-0: Ball 2-0: Called Strike 2-1: Swinging Strike 2-2: Strikes out swinging
|
|
Batting: SHB Dan Zink
|
0-0: Called Strike Dale Young is caught stealing 2nd base 2-6
|
| Bottom of the 4th over - 0 runs, 1 hit, 0 errors, 0 left on base; Las Vegas 3 - New Orleans 0 |
| TOP OF THE 5TH |
|
Las Vegas 51s batting - Pitching for New Orleans Zephyrs : RHP Nick Newmaster
|
|
Batting: LHB Elmo Dreier
|
0-0: Swinging Strike 0-1: Swinging Strike 0-2: SINGLE (Groundball, 4MD, EV 94.4 MPH)
|
|
Batting: LHB Adam Hairston
|
0-0: Foul Ball, location: 2F 0-1: Called Strike Elmo Dreier is caught stealing 2nd base 2-6 0-2: Ball 1-2: Strikes out swinging
|
|
Batting: LHB Jose Chavez
|
0-0: Ball 1-0: Foul Ball, location: 2F 1-1: Fly out, F9 (Flyball, 89XD, EV 86.2 MPH)
|
| Top of the 5th over - 0 runs, 1 hit, 0 errors, 0 left on base; Las Vegas 3 - New Orleans 0 |
| BOTTOM OF THE 5TH |
|
New Orleans Zephyrs batting - Pitching for Las Vegas 51s : RHP David Anzaldua
|
|
Batting: SHB Dan Zink
|
0-0: Fly out, F9 (Line Drive, 9S, EV 106.2 MPH)
|
|
Batting: RHB Torquato Obawole
|
0-0: Called Strike 0-1: Swinging Strike 0-2: Ball 1-2: Ball 2-2: Ball 3-2: Base on Balls
|
|
Batting: RHB Gavin Helton
|
0-0: Called Strike 0-1: Called Strike 0-2: Foul Ball, location: 2F 0-2: Grounds into double play, 4-6-3 (Groundball, 4, EV 85.0 MPH)
|
| Bottom of the 5th over - 0 runs, 0 hits, 0 errors, 0 left on base; Las Vegas 3 - New Orleans 0 |
| TOP OF THE 6TH |
|
Las Vegas 51s batting - Pitching for New Orleans Zephyrs : RHP Nick Newmaster
|
|
Batting: RHB Billy Walker
|
0-0: Ball 1-0: Ball 2-0: Called Strike 2-1: Foul Ball, location: 2F 2-2: Strikes out swinging
|
|
Batting: RHB Masaya Nakamura
|
0-0: Called Strike 0-1: Ball 1-1: DOUBLE (Line Drive, 9LD, EV 109.4 MPH)
|
|
Batting: RHB Mike Phillips
|
0-0: Foul Ball, location: 2F 0-1: Ball 1-1: Ball 2-1: Ball 3-1: Foul Ball, location: 2F 3-2: Strikes out swinging
|
|
Pitching: RHP Alex Garza
|
|
|
Batting: RHB Bobby Mabrey
|
0-0: Swinging Strike 0-1: Ground out 5-3 (Groundball, 56, EV 101.2 MPH)
|
| Top of the 6th over - 0 runs, 1 hit, 0 errors, 1 left on base; Las Vegas 3 - New Orleans 0 |
| BOTTOM OF THE 6TH |
|
New Orleans Zephyrs batting - Pitching for Las Vegas 51s : RHP David Anzaldua
|
|
Batting: RHB John Jackson
|
0-0: Ball 1-0: Foul Ball, location: 2F 1-1: Ball 2-1: Ground out 5-3 (Groundball, 56S, EV 71.2 MPH)
|
|
Batting: RHB Boof Howell
|
0-0: Foul Ball, location: 2F 0-1: Ball 1-1: Ground out 2-3 (Groundball, 13S, EV 63.8 MPH)
|
|
Batting: RHB Josh Crenwelge
|
0-0: Foul Ball, location: 2F 0-1: Called Strike 0-2: Ball 1-2: Strikes out looking
|
| Bottom of the 6th over - 0 runs, 0 hits, 0 errors, 0 left on base; Las Vegas 3 - New Orleans 0 |
| TOP OF THE 7TH |
|
Las Vegas 51s batting - Pitching for New Orleans Zephyrs : RHP Alex Garza
|
|
Batting: RHB Larry Shoop
|
0-0: Fly out, F7 (Line Drive, 7D, EV 92.5 MPH)
|
|
Batting: RHB Gang-sheng Chew
|
0-0: Ball 1-0: Ball 2-0: Foul Ball, location: 2F 2-1: Swinging Strike 2-2: Foul Ball, location: 2F 2-2: Ball 3-2: Strikes out swinging
|
|
Batting: LHB Elmo Dreier
|
0-0: Ball 1-0: SINGLE (Line Drive, 6M, EV 100.0 MPH)
|
|
Batting: LHB Adam Hairston
|
0-0: Called Strike Elmo Dreier steals 2nd, throwing error, E2 Elmo Dreier to third 0-1: SINGLE (Line Drive, 78S, EV 93.8 MPH) Elmo Dreier scores
|
|
Batting: LHB Jose Chavez
|
0-0: Called Strike 0-1: DOUBLE (Flyball, 8LXD, EV 96.2 MPH) Adam Hairston to third Runner from 3rd tries for Home, SAFE, no throw by CF
|
|
Batting: RHB Billy Walker
|
0-0: SINGLE (Groundball, 56S, EV 73.1 MPH) (infield hit) Jose Chavez to third
|
|
Batting: RHB Masaya Nakamura
|
0-0: Ball 1-0: Called Strike 1-1: SINGLE (Groundball, 4MD, EV 109.4 MPH) Jose Chavez scores Billy Walker to second Runner from 2nd tries for 3rd, SAFE, throw by CF made to third
|
|
Pitching: LHP Patrick Meesters
|
|
|
Batting: RHB Mike Phillips
|
0-0: Ball 1-0: Called Strike 1-1: Fielders Choice at 2nd, 6-4 (Groundball, 56, EV 86.9 MPH)
|
| Top of the 7th over - 3 runs, 5 hits, 1 error, 2 left on base; Las Vegas 6 - New Orleans 0 |
| BOTTOM OF THE 7TH |
|
New Orleans Zephyrs batting - Pitching for Las Vegas 51s : RHP David Anzaldua
|
|
Batting: LHB Mike Kara
|
0-0: Called Strike 0-1: DOUBLE (Line Drive, 78D, EV 108.8 MPH)
|
|
Pitching: RHP Matt Bennett
|
|
|
Batting: RHB Dale Young
|
0-0: Called Strike 0-1: Ball 1-1: Foul Ball, location: 2F 1-2: Foul Ball, location: 2F 1-2: Ball 2-2: Foul Ball, location: 2F 2-2: Ball 3-2: SINGLE (Groundball, 34D, EV 103.8 MPH) Mike Kara to third Throwing error, E9 Mike Kara scores Dale Young to second
|
|
Batting: LHB Carlos Mosqueda
|
0-0: Ball 1-0: Foul Ball, location: 2F 1-1: Ball 2-1: Ball 3-1: Base on Balls
|
|
Batting: SHB Dan Zink
|
0-0: Called Strike 0-1: Ball 1-1: Grounds into double play, 4-6-3 (Groundball, 4S, EV 84.4 MPH) Dale Young to third
|
|
Batting: RHB Torquato Obawole
|
0-0: Swinging Strike 0-1: Foul Ball, location: 2F 0-2: DOUBLE (Groundball, 5L, EV 100.6 MPH) Dale Young scores
|
|
Batting: RHB Gavin Helton
|
0-0: Called Strike 0-1: Foul Ball, location: 2F 0-2: Ball 1-2: Strikes out looking
|
| Bottom of the 7th over - 2 runs, 3 hits, 1 error, 1 left on base; Las Vegas 6 - New Orleans 2 |
| TOP OF THE 8TH |
|
Las Vegas 51s batting - Pitching for New Orleans Zephyrs : LHP Patrick Meesters
|
|
Batting: RHB Bobby Mabrey
|
0-0: Ball 1-0: Called Strike 1-1: Ball 2-1: Swinging Strike 2-2: Foul Ball, location: 2F 2-2: Strikes out looking
|
|
Batting: RHB Larry Shoop
|
0-0: Ball 1-0: Ball 2-0: SINGLE (Line Drive, 78S, EV 106.9 MPH)
|
|
Batting: RHB Gang-sheng Chew
|
0-0: Called Strike 0-1: Foul Ball, location: 2F 0-2: Strikes out swinging
|
|
Batting: LHB Elmo Dreier
|
Pickoff Throw to First - Out! 1-3 CS
|
| Top of the 8th over - 0 runs, 1 hit, 0 errors, 0 left on base; Las Vegas 6 - New Orleans 2 |
| BOTTOM OF THE 8TH |
|
New Orleans Zephyrs batting - Pitching for Las Vegas 51s : RHP Matt Bennett
|
|
Pitching: RHP John Mason
|
|
|
Batting: RHB John Jackson
|
0-0: Fly out, F9 (Flyball, 9S, EV 75.0 MPH)
|
|
Batting: RHB Boof Howell
|
0-0: Ball 1-0: Ground out 3-1 (Groundball, 34, EV 88.1 MPH)
|
|
Batting: RHB Josh Crenwelge
|
0-0: Ball 1-0: Ground out 5-3 (Groundball, 5L, EV 79.4 MPH)
|
| Bottom of the 8th over - 0 runs, 0 hits, 0 errors, 0 left on base; Las Vegas 6 - New Orleans 2 |
| TOP OF THE 9TH |
|
Las Vegas 51s batting - Pitching for New Orleans Zephyrs : LHP Patrick Meesters
|
|
Batting: LHB Elmo Dreier
|
0-0: Ground out 6-3 (Groundball, 6, EV 103.1 MPH)
|
|
Batting: LHB Adam Hairston
|
0-0: Ball 1-0: Foul Ball, location: 2F 1-1: Foul Ball, location: 2F 1-2: Strikes out looking
|
|
Batting: LHB Jose Chavez
|
0-0: Swinging Strike 0-1: Foul Ball, location: 2F 0-2: Foul Ball, location: 2F 0-2: Strikes out swinging
|
| Top of the 9th over - 0 runs, 0 hits, 0 errors, 0 left on base; Las Vegas 6 - New Orleans 2 |
| BOTTOM OF THE 9TH |
|
New Orleans Zephyrs batting - Pitching for Las Vegas 51s : RHP John Mason
|
|
Batting: LHB Mike Kara
|
0-0: Ball 1-0: Called Strike 1-1: Called Strike 1-2: Strikes out swinging, 2-3 out at first.
|
|
Batting: RHB Dale Young
|
0-0: Ball 1-0: Ball 2-0: Foul Ball, location: 2F 2-1: Foul Ball, location: 2F 2-2: SINGLE (Groundball, 2L, EV 64.4 MPH) (infield hit)
|
|
Batting: LHB Carlos Mosqueda
|
0-0: Fly out, F9 (Flyball, 9D, EV 96.2 MPH)
|
|
Batting: SHB Dan Zink
|
0-0: Called Strike 0-1: Foul Ball, location: 2F 0-2: DOUBLE (Line Drive, 7LM, EV 105.0 MPH) Dale Young to third
|
|
Batting: RHB Torquato Obawole
|
0-0: Fly out, F7 (Flyball, 78D, EV 97.5 MPH)
|
| Bottom of the 9th over - 0 runs, 2 hits, 0 errors, 2 left on base; Las Vegas 6 - New Orleans 2 |
|